Map: Prion Terraces

Players

Jim - Winner!

  • Race: Protoss Protoss

Cham

  • Race: Zerg Zerg

Event: DreamHack Open Tours WCS Spring Championship

VOD

https://www.youtube.com/watch?v=NQf65JFzJes

Description

Time

  • Played on: May 15, 2016, 9:39 a.m.
  • Length: 16:54

All games in this series

Show
View Real Time Build Order
Export as new Build Order

Jim Protoss - Winner!

Build Orders: 1 Gate Expand, Mass Adepts 

Get SALT Encoding   

  12  0:00  Probe (Chrono Boost)  
  13  0:11  Probe (Chrono Boost)  
  14  0:17  Pylon  
  14  0:22  Probe (Chrono Boost)  
  15  0:36  Probe (Chrono Boost)  
  15  0:40  Gateway  
  16  0:46  Probe (Chrono Boost)  
  16  0:47  Assimilator  
  18  0:57  Probe (Chrono Boost)  
  18  1:07  Probe (Chrono Boost)  
  19  1:18  Probe (Chrono Boost)  
  20  1:23  Nexus  
  20  1:33  Cybernetics Core  
  20  1:35  Probe (Chrono Boost)  
  21  1:42  Assimilator  
  21  1:46  Probe (Chrono Boost)  
  22  1:51  Pylon  
  22  1:57  Probe (Chrono Boost)  
  23  2:09  Probe (Chrono Boost)  
  23  2:10  Warp Gate (Chrono Boost), Adept (Chrono Boost)  
  23  2:15  Pylon  
  26  2:21  Probe  
  27  2:33  Probe (Chrono Boost)  
  27  2:34  Adept (Chrono Boost)  
  27  2:35  Probe (Chrono Boost)  
  31  2:42  Twilight Council  
  31  2:44  Probe (Chrono Boost)  
  31  2:46  Probe (Chrono Boost)  
  33  2:55  Mothership Core (Chrono Boost)  
  33  2:57  Probe (Chrono Boost)  
  36  3:01  Adept  
  38  3:07  Probe (Chrono Boost), Resonating Glaives (Chrono Boost)  
  39  3:13  Probe (Chrono Boost)  
  39  3:15  Gateway  
  39  3:17  Gateway  
  39  3:18  Probe (Chrono Boost)  
  41  3:25  Gateway  
  39  3:27  Probe  
  39  3:30  Adept  
  39  3:33  Probe  
  43  3:36  Pylon  
  43  3:40  Assimilator  
  44  3:41  Probe (Chrono Boost)  
  44  3:46  Probe (Chrono Boost), Pylon  
  45  3:55  Probe (Chrono Boost)  
  46  3:57  Probe (Chrono Boost)  
  46  4:00  Assimilator  
  47  4:07  Probe (Chrono Boost)  
  47  4:08  Probe (Chrono Boost)  
  49  4:11  Adept  
  49  4:12  Adept  
  49  4:14  Adept  
  49  4:17  Pylon  
  55  4:18  Probe (Chrono Boost)  
  55  4:19  Probe (Chrono Boost)  
  55  4:22  Adept  
  59  4:24  Pylon  
  59  4:29  Probe (Chrono Boost)  
  60  4:32  Stargate  
  60  4:33  Stargate  
  60  4:36  Adept  
  60  4:38  Adept  
  64  4:41  Probe x2 (Chrono Boost)  
  66  4:48  Adept  
  66  4:49  Stalker  
  70  4:54  Probe (Chrono Boost)  
  70  4:58  Protoss Air Weapons Level 1 (Chrono Boost)  
  72  5:00  Probe  
  72  5:09  Adept x3  
  66  5:15  Phoenix (Chrono Boost)  
  66  5:16  Phoenix (Chrono Boost)  
  66  5:19  Adept  
  70  5:23  Pylon  
  70  5:35  Zealot x2, Adept  
  72  5:38  Phoenix (Chrono Boost)  
  72  5:41  Pylon, Phoenix (Chrono Boost)  
  80  5:42  Adept  
  82  5:55  Nexus  
  82  5:56  Pylon  
  82  6:02  Phoenix (Chrono Boost)  
  86  6:04  Phoenix (Chrono Boost)  
  86  6:10  Pylon  
  86  6:16  Adept x4  
  76  6:25  Phoenix (Chrono Boost)  
  80  6:26  Phoenix (Chrono Boost)  
  70  6:36  Adept  
  70  6:37  Adept x3  
  75  6:49  Phoenix (Chrono Boost)  
  75  6:50  Phoenix (Chrono Boost)  
  79  6:55  Pylon x2  
  79  6:57  Adept x2  
  79  6:59  Adept  
  79  7:00  Adept  
  87  7:06  Gateway  
  87  7:07  Gateway  
  87  7:13  Phoenix (Chrono Boost)  
  89  7:18  Phoenix (Chrono Boost)  
  89  7:20  Adept  
  93  7:23  Adept  
  89  7:30  Adept x2  
  79  7:41  Adept  
  77  7:44  Phoenix (Chrono Boost)  
  77  7:51  Phoenix (Chrono Boost)  
  81  7:52  Adept x2  
  81  7:57  Nexus  
  85  7:58  Pylon  
  85  8:04  Probe x2  
  87  8:06  Phoenix (Chrono Boost)  
  87  8:07  Pylon  
  89  8:13  Forge  
  89  8:19  Adept x3  
  91  8:22  Adept  
  85  8:31  Adept x2  
  82  8:40  Adept x2  
  83  8:42  Sentry  
  83  8:43  Sentry  
  83  8:45  Probe  
  88  8:52  Adept  
  88  8:53  Adept  
  92  9:03  Sentry, Adept  
  92  9:06  Probe  
  92  9:07  Probe  
  92  9:08  Probe  
  97  9:18  Probe  
  98  9:24  Adept  
  96  9:32  Adept  
  96  9:33  Adept x3  
  96  9:38  Probe x3  
  105  9:51  Phoenix x2 (Chrono Boost)  
  109  9:53  Adept  
  109  9:54  Adept  
  109  9:55  Adept  
  109  9:59  Pylon  
  115  10:02  Protoss Ground Weapons Level 1  
  115  10:12  Phoenix x2 (Chrono Boost)  
  119  10:15  Assimilator x2  
  119  10:17  Pylon  
  119  10:26  Adept x3  
  125  10:35  Phoenix x2 (Chrono Boost)  
  129  10:41  Adept  
  129  10:42  Adept  
  133  10:57  Phoenix x2 (Chrono Boost)  
  118  11:06  Probe  
  118  11:08  Probe x2  
  125  11:18  Phoenix x2 (Chrono Boost)  
  119  11:40  Phoenix x2 (Chrono Boost)  
  101  11:54  Adept x3  
  97  12:00  Sentry x2  
  101  12:05  Adept  
  103  12:17  Sentry  
  103  12:18  Sentry  
  107  12:24  Sentry x2  
  109  12:36  Adept  
  103  12:45  Adept  
  101  12:56  Adept  
  97  13:01  Sentry x2  
  101  13:07  Sentry  
  101  13:12  Sentry  
  105  13:22  Sentry x2  
  109  13:33  Sentry  
  109  13:34  Sentry x2  
  115  13:36  Sentry  
  117  13:46  Sentry x2  
  121  13:53  Pylon  
  121  13:59  Protoss Ground Armor Level 1  
  121  14:02  Gateway  
  121  14:03  Pylon  
  119  14:19  Sentry  
  119  14:21  Adept x4  
  125  14:45  Adept x4  
  129  15:04  Adept x2  
  131  15:14  Adept x4  
  139  15:21  Templar Archives  
  136  15:42  Adept  
  104  15:57  Probe  
  104  15:58  Probe  
  104  15:59  Probe  
  110  16:15  Sentry x4  
Show
View Real Time Build Order
Export as new Build Order

Cham Zerg 

Build Orders: Hatch First 

Get SALT Encoding   

  12  0:01  Drone  
  13  0:09  Drone  
  14  0:17  Overlord  
  14  0:35  Drone x3  
  17  0:53  Hatchery  
  16  0:58  Drone  
  16  1:00  Drone  
  16  1:03  Extractor  
  17  1:08  Drone  
  18  1:20  Spawning Pool  
  18  1:22  Drone  
  18  1:31  Drone  
  20  1:40  Drone  
  20  1:50  Drone  
  21  2:03  Hatchery  
  21  2:06  Metabolic Boost  
  20  2:12  Queen  
  22  2:15  Drone  
  22  2:18  Drone  
  22  2:22  Overlord  
  24  2:28  Drone x2  
  26  2:34  Queen  
  28  2:41  Zergling x2  
  28  2:42  Zergling x4  
  31  2:46  Overlord  
  31  2:52  Queen  
  31  2:56  Overlord  
  33  2:59  Drone  
  33  3:01  Drone  
  35  3:09  Drone  
  35  3:10  Drone  
  37  3:14  Roach Warren  
  37  3:16  Drone  
  37  3:17  Drone  
  38  3:21  Drone x2  
  38  3:23  Drone  
  38  3:26  Drone  
  42  3:30  Overlord  
  42  3:33  Drone  
  43  3:37  Overlord  
  43  3:42  Overlord  
  43  3:44  Drone x2  
  43  3:45  Drone  
  43  3:46  Drone  
  47  3:49  Overlord  
  47  3:52  Drone  
  48  4:00  Drone x2  
  48  4:01  Overlord  
  48  4:02  Drone x2  
  52  4:04  Roach  
  54  4:11  Roach x3  
  54  4:12  Roach x2  
  54  4:16  Overlord  
  64  4:17  Roach  
  64  4:21  Zergling x4  
  64  4:22  Zergling x2  
  69  4:24  Roach  
  69  4:29  Overlord  
  69  4:30  Zergling x2  
  72  4:33  Zergling x8  
  76  4:39  Overlord  
  76  4:41  Zergling x6  
  76  4:42  Zergling x2  
  80  4:48  Queen x3  
  80  4:50  Zergling x2  
  87  4:53  Zergling x4  
  87  4:54  Zergling x2  
  87  4:55  Zergling x2  
  87  4:58  Overlord  
  91  5:02  Zergling x2  
  91  5:07  Zergling x4  
  84  5:16  Zergling x2  
  84  5:17  Zergling x6  
  84  5:19  Zergling x4  
  84  5:20  Zergling x2  
  91  5:22  Zergling x4  
  91  5:24  Queen x2  
  99  5:28  Baneling Nest, Zergling x2  
  99  5:34  Zergling x6  
  99  5:38  Zergling x6  
  102  5:43  Overlord  
  102  5:49  Lair  
  100  5:53  Overlord  
  100  5:55  Zergling x8  
  100  5:56  Zergling x2  
  105  5:59  Queen  
  105  6:03  Queen  
  109  6:05  Zergling x4  
  111  6:14  Zergling x8  
  111  6:15  Zergling x4  
  111  6:20  Zergling x6  
  108  6:26  Zergling x4  
  108  6:32  Zergling x10  
  106  6:35  Queen  
  106  6:39  Queen, Zergling x2  
  103  6:44  Baneling x9  
  103  6:45  Zergling x10  
  105  6:48  Zergling x6  
  109  6:54  Queen, Zergling x4  
  109  7:01  Overseer  
  112  7:03  Zergling x10  
  117  7:11  Queen  
  117  7:12  Zergling x4  
  117  7:13  Zergling x2  
  117  7:14  Baneling  
  117  7:15  Queen  
  105  7:31  Hatchery  
  105  7:32  Queen  
  105  7:34  Zergling x8  
  88  7:41  Zergling x6  
  88  7:42  Zergling x10  
  81  7:46  Queen  
  81  7:49  Zergling x4  
  81  7:50  Queen, Zergling x2  
  81  7:51  Zergling x2  
  81  7:54  Zergling x2  
  83  8:03  Spore Crawler  
  83  8:04  Spore Crawler  
  77  8:06  Spore Crawler  
  77  8:07  Zergling x2  
  77  8:08  Queen  
  77  8:09  Zergling x6  
  77  8:11  Zergling x2  
  77  8:12  Zergling x2  
  84  8:19  Zergling x6  
  80  8:22  Queen  
  80  8:23  Zergling x2  
  80  8:24  Zergling x4  
  80  8:26  Queen  
  79  8:28  Zergling x2  
  79  8:31  Zergling x2  
  78  8:35  Zergling x2  
  78  8:38  Zergling x4  
  78  8:39  Zergling x6  
  78  8:40  Zergling x2  
  78  8:43  Queen  
  78  8:46  Drone  
  78  8:47  Drone  
  78  8:48  Drone  
  83  8:50  Drone  
  82  8:56  Drone x3  
  82  8:58  Queen  
  87  9:03  Queen x2  
  87  9:07  Zergling x6  
  94  9:19  Queen  
  94  9:20  Zergling x2  
  94  9:24  Zergling x8  
  94  9:28  Drone x2  
  79  9:33  Queen, Drone x3  
  79  9:37  Drone x2  
  85  9:38  Queen  
  85  9:39  Drone x2  
  85  9:45  Drone x3  
  91  9:52  Drone x3  
  86  9:53  Drone x2  
  86  9:57  Drone  
  88  10:01  Roach x2  
  88  10:05  Roach x2  
  96  10:12  Extractor  
  96  10:13  Roach, Extractor  
  96  10:14  Roach x3  
  102  10:16  Extractor  
  102  10:17  Extractor  
  102  10:19  Evolution Chamber, Roach  
  101  10:25  Roach x3  
  107  10:29  Baneling x2  
  107  10:31  Baneling x3  
  107  10:32  Roach x2  
  107  10:33  Drone x2  
  107  10:34  Drone  
  114  10:38  Drone x2  
  114  10:39  Drone  
  114  10:42  Drone x2  
  119  10:46  Drone  
  119  10:47  Drone x2  
  120  10:55  Roach x2  
  120  10:56  Roach, Zergling x6  
  114  11:06  Drone x7  
  114  11:07  Drone x2  
  114  11:10  Drone x2  
  121  11:14  Roach  
  121  11:15  Roach  
  121  11:18  Ravager x2  
  127  11:24  Overlord x3  
  127  11:41  Queen x2  
  121  11:49  Queen x2  
  121  11:51  Zergling x6  
  121  11:52  Zergling x14  
  121  11:54  Zergling x2  
  121  11:55  Zergling x4  
  121  11:58  Zergling x4  
  121  11:59  Zergling x2  
  121  12:00  Zergling x2  
  121  12:02  Spore Crawler  
  121  12:03  Zergling x4  
  122  12:12  Zergling x10  
  113  12:17  Queen x2, Zergling x2  
  113  12:18  Zergling x2  
  113  12:19  Zerg Melee Weapons Level 1  
  114  12:22  Zergling x2  
  114  12:23  Zergling x2  
  112  12:36  Zergling x16  
  105  12:42  Hatchery  
  96  12:50  Zergling x2  
  92  12:52  Zergling x2  
  92  12:53  Zergling x4  
  92  12:56  Zergling x4  
  92  12:57  Zergling x8  
  92  12:58  Queen x2  
  88  13:02  Zergling x4  
  88  13:04  Spore Crawler  
  88  13:05  Zergling x4  
  91  13:10  Zergling x8  
  95  13:17  Zergling x2  
  95  13:18  Zergling x2  
  88  13:20  Zergling x8  
  88  13:23  Zergling x6  
  88  13:25  Zergling x2  
  88  13:27  Spore Crawler  
  95  13:29  Zergling x4  
  95  13:32  Zergling x2  
  94  13:35  Zergling x2  
  94  13:39  Queen  
  97  13:44  Zergling x8  
  97  13:45  Zergling x2  
  97  13:54  Queen x2  
  101  14:04  Baneling x2  
  101  14:05  Baneling x4  
  101  14:06  Drone x3  
  101  14:09  Baneling  
  104  14:10  Baneling  
  90  14:19  Queen  
  90  14:23  Drone  
  84  14:35  Queen  
  80  14:47  Overlord  
  66  15:06  Overlord  
  58  15:14  Overlord  
  58  15:24  Overlord  
  56  15:35  Queen  
  44  15:46  Queen x2  
  35  15:58  Queen x2  
  35  16:02  Drone  
  39  16:07  Zergling x4  
  41  16:13  Zergling x4  
  41  16:17  Zergling x2  
  41  16:19  Zergling x2  
  34  16:30  Zergling x4  

Tags
 
Add a new tag
Caveats
  • Supply blocks, unpowered buildings, or Contaminate may cause inaccurate times.
  • Supply counts are checked every 10 seconds.